 Dungeon Crawl Stone Soup version 0.27-a0-1149-g4505690ab0 (webtiles) character file.

Game seed: 728833926178056226

639 Auzas the Conjurer (level 7, 0/48 HPs)
             Began as a Human Conjurer on May 13, 2021.
             Was an Initiate of Qazlal.
             Slain by a yak (10 damage)
             ... on level 4 of the Dungeon.
             The game lasted 01:10:31 (6504 turns).

Auzas the Conjurer (Human Conjurer)                 Turns: 6504, Time: 01:10:31

Health: 0/48       AC:  4    Str:  7    XL:     7   Next: 80%
Magic:  2/13       EV: 12    Int: 27    God:    Qazlal [......]
Gold:   168        SH:  0    Dex: 11    Spells: 12/15 levels left

rFire    . . .     SeeInvis .   E - +4 quarterstaff (chaos)
rCold    . . .     Faith    .   (shield currently unavailable)
rNeg     . . .     Spirit   .   a - +1 robe
rPois    .         Reflect  .   A - +0 helmet
rElec    .         Harm     .   (no cloak)
rCorr    .         Rampage  .   (no gloves)
Will     .....                  (no boots)
Stlth    ++........             (no amulet)
HPRegen  0.16/turn              J - +6 ring of intelligence
MPRegen  0.13/turn              (no ring)

@: no status effects
A: no striking features
a: Renounce Religion


You were on level 4 of the Dungeon.
You worshipped Qazlal.
Qazlal was noncommittal.
You visited 1 branch of the dungeon, and saw 4 of its levels.

You collected 168 gold pieces.

Inventory:

Hand Weapons
 c - a +0 whip
 h - a +0 club
 l - a +0 club
 m - a +0 dagger
 n - a +0 dagger
 q - a +0 spear
 t - a +0 dagger
 v - a +0 whip
 w - a +0 dagger
 x - a +0 club
 z - a +0 club
 B - a +0 hunting sling
 E - a +4 quarterstaff of chaos (weapon)
 F - a +0 mace
 G - a +0 whip
 M - a +0 short sword
Missiles
 e - 85 stones
 f - 13 javelins
 j - 22 bolts
 p - 111 arrows
Armour
 a - a +1 robe (worn)
 d - a +0 ring mail
 g - a +0 ring mail
 k - a +0 chain mail
 o - a +0 ring mail
 r - a +0 robe
 s - a +0 robe
 u - a +0 animal skin
 y - a +0 ring mail
 A - a +0 helmet (worn)
 K - a +0 leather armour
Magical Staves
 L - a staff of death
Jewellery
 J - a +6 ring of intelligence (left hand)
Wands
 D - a wand of flame (21)
Scrolls
 C - a scroll of summoning {unknown}
 H - a scroll of identify
 I - a scroll of holy word {unknown}
Potions
 b - 2 potions of might
 i - a potion of heal wounds {unknown}


   Skills:
 + Level 1.0 Fighting
 + Level 0.5 Maces & Flails
 + Level 1.2 Polearms
 + Level 3.3 Dodging
 + Level 3.6 Stealth
 + Level 4.5 Spellcasting
 + Level 6.0 Conjurations


You had 12 spell levels left.
You knew the following spells:

 Your Spells              Type           Power      Damage    Failure   Level
a - Magic Dart            Conj           100%       1d8       1%          1
b - Searing Ray           Conj           76%        3d6       1%          2

Your spell library contained the following spells:

 Spells                   Type           Power      Damage    Failure   Level
 Conjure Flame            Conj/Fire      22%        6-21      7%          3
 Dazzling Flash           Conj/Hex       44%        N/A       7%          3
 Mephitic Cloud           Conj/Pois/Air  17%        N/A       10%         3
 Blink                    Tloc           N/A        N/A       12%         2
 Call Imp                 Summ           6%         N/A       12%         2
 Slow                     Hex            6%         N/A       12%         2
 Fulminant Prism          Conj/Hex       11%        3d9       22%         4
 Iskenderun's Mystic Bla  Conj/Tloc      22%        2d6       22%         4


Dungeon Overview and Level Annotations

Branches:
Dungeon (4/15)
 Temple: D:4-7

Altars:
Qazlal
Ru
Wu Jian
The Shining One

Shops:
D:2 [*[**


Message History

You hit the yak.
Space bends around the yak.
You kill the yak!
Qazlal accepts your kill.
Your Stealth skill increases to level 3!
Your Spellcasting skill increases to level 4!
You have reached level 7!
You closely miss the yak.
The yak is almost dead.
The yak gores you! The yak closely misses you.
You hit the yak. You freeze the yak.
The yak is almost dead.
Aiming: Searing Ray (safe; 1% risk of failure)
Press: ? - help, Q - select action, (/) - cycle Shift-Dir - straight line, f - yak, p - yak
Aim: a yak (heavily wounded, 88% to hit)
The searing ray hits the yak!
The yak is moderately wounded.
The searing ray hits the yak!
You kill the yak!
Qazlal accepts your kill.
The searing ray hits the yak!
The yak is lightly wounded.
The searing ray hits the yak!
The yak is severely wounded. (Press . to maintain the ray.)
Your Fighting skill increases to level 1!
Your Conjurations skill increases to level 6!
There is a stone staircase leading down here.
The yak gores you!
Aiming: Searing Ray (safe; 1% risk of failure)
Press: ? - help, Q - select action, (/) - cycle Shift-Dir - straight line, p - yak The searing ray hits the yak!
The yak is moderately wounded.
The searing ray hits the yak.
The yak is moderately wounded. (Press . to maintain the ray.)
The yak gores you!
* * * LOW HITPOINT WARNING * * *
Found a stone staircase leading down.
The yak gores you!
You die...

##############
#..>...@YY...#######
#.#######..........# ### #.#
#.....####.##### ##.## #.#
##Y..)##........ ##.#.## #.#
###........###.... #.###.## #.#
#...#......# #....
.##.##.###รท###
#.#........###.###
...#.).......###.#.....##.....#
.##.##.###..................#.#


You could see 2 yaks.

Vanquished Creatures
  2 yaks (D:4)
  A water moccasin skeleton (D:4)
  A jelly (D:4)
  Crazy Yiuf (D:2)
  A hound (D:2)
  An iguana (D:4)
  Robin (D:2)
  7 adders
  An ufetubus (D:2)
  An adder skeleton (D:4)
  2 worms (D:2)
  2 dart slugs
  8 orcs
  3 bats (D:2)
  4 endoplasms (D:1)
  3 giant cockroaches (D:3)
  10 goblins
  9 hobgoblins
  6 jackals (D:2)
  3 quokkas
  8 ball pythons
  A frilled lizard (D:2)
  4 kobolds
  3 rats (D:1)
83 creatures vanquished.

Notes
Turn   | Place    | Note
-------+----------+-------------------------------------------
     0 | D:1      | Auzas the Human Conjurer began the quest for the Orb.
     0 | D:1      | Reached XP level 1. HP: 13/13 MP: 3/3
   420 | D:1      | Reached XP level 2. HP: 19/19 MP: 3/5
   982 | D:2      | Reached XP level 3. HP: 24/24 MP: 1/6
   984 | D:2      | Found Piulogodgh's General Store.
  1283 | D:2      | Found Wuhoehoc's Armour Shoppe.
  1355 | D:2      | Reached XP level 4. HP: 22/30 MP: 1/7
  1441 | D:2      | Found Xyorip's Armour Emporium.
  1515 | D:2      | Found Edghaar's General Store.
  1672 | D:2      | Reached skill level 5 in Conjurations
  1931 | D:2      | Found Taiddauwn's Assorted Antiques.
  2013 | D:2      | Noticed Robin
  2035 | D:2      | Killed Robin
  2036 | D:2      | Reached XP level 5. HP: 25/35 MP: 0/9
  3314 | D:2      | Found a runed translucent door.
  3315 | D:2      | Noticed Crazy Yiuf
  3329 | D:2      | Killed Crazy Yiuf
  3517 | D:2      | Learned a level 2 spell: Searing Ray
  4693 | D:3      | Reached XP level 6. HP: 42/42 MP: 7/10
  5141 | D:3      | Found a sacrificial altar of Ru.
  5152 | D:3      | Found a glowing golden altar of the Shining One.
  5161 | D:3      | Found a stormy altar of Qazlal.
  5172 | D:3      | Found an ornate altar of the Wu Jian Council.
  5184 | D:3      | Became a worshipper of Qazlal Stormbringer
  5480 | D:4      | Reached skill level 1 in Polearms
  6459 | D:4      | Noticed a yak
  6459 | D:4      | Noticed a yak
  6459 | D:4      | Noticed a yak
  6459 | D:4      | Noticed a yak
  6467 | D:4      | Noticed a yak
  6468 | D:4      | Noticed a yak
  6469 | D:4      | Killed a yak
  6470 | D:4      | Reached XP level 7. HP: 39/47 MP: 1/13
  6472 | D:4      | Killed a yak
  6473 | D:4      | Reached skill level 1 in Fighting
  6473 | D:4      | Reached skill level 6 in Conjurations
  6504 | D:4      | Slain by a yak

Illustrated notes

Levels and vault maps discovered:
D:1:      enne_arrival_octagon_isle, layout_loops_ring
D:2:      layout_basic, serial_shops, nicolae_shop_crystal, shop, shop, shop,
          shop, uniq_robin, uniq_crazy_yiuf_cottage
D:3:      layout_loops_corners, grunt_temple_overflow_cloverleaf,
          solitary_fountain, saegor_snake_ambush
D:4:      minmay_clustersquares, layout_loops_ring, jmf_multi_god_temple2

Skill      XL: |  1  2  3  4  5  6  7 |
---------------+----------------------+-----
Conjurations   | 5 6 |  6.0
Spellcasting   | 3 4 |  4.5
Polearms       | 1 |  1.2
Dodging        | 3 |  3.3
Stealth        | 3 |  3.6
Fighting       | 1 |  1.0
Maces & Flails | |  0.5

Action                   |  1- 3 |  4- 6 |  7- 9 || total
-------------------------+-------+-------+-------++-------
Melee: Whip              |     8 |       |       ||     8
       Spear             |     5 |    25 |       ||    30
       Quarterstaff      |       |     3 |     2 ||     5
 Cast: Magic Dart        |    34 |    96 |       ||   130
       Searing Ray       |       |    47 |     2 ||    49
  Use: Scroll            |       |     4 |       ||     4
       Potion            |       |     1 |       ||     1
Armor: Robe              |     1 |    11 |       ||    12
Dodge: Dodged            |    13 |    53 |     1 ||    67

Table legend: (Time is in decaauts)
 A = Elapsed time spent in this place.
 B = Non-inter-level travel time spent in this place.
 C = Inter-level travel time spent in this place.
 D = Time resting spent in this place.
 E = Time spent auto-exploring this place.
 F = Levels seen in this place.
 G = Mean time per level.
                   A        B        C        D        E       F      G
               +--------+--------+--------+--------+--------+-----+--------+
         Total |   6536 |   4323 |   2213 |   2494 |   1065 |   4 | 1634.0 |
       Dungeon |   6536 |   4323 |   2213 |   2494 |   1065 |   4 | 1634.0 |
               +--------+--------+--------+--------+--------+-----+--------+

Top non-repeatable levels by time:
     D:2: 2738 daAuts
     D:3: 1766 daAuts
     D:4: 1055 daAuts
     D:1: 976 daAuts
